 Dungeon Sprint DCSS version 0.29-a0-384-g6960b1960d (webtiles) character file.

Game seed: 11763469309676540678

29990 mhtbhm the Executioner (level 13, -24/153 HPs)
             Began as a Gargoyle Berserker on May 7, 2022.
             Was the Champion of Trog.
             Annihilated by an orc knight
             ... wielding a +0 halberd
              (31 damage)
             ... in the Dungeon (Sprint VII: "The Pits").
             The game lasted 00:08:43 (4222 turns).

mhtbhm the Executioner (Gargoyle Berserker)         Turns: 4222, Time: 00:08:43

Health: -24/153    AC: 33    Str: 26    XL:     13   Next: 48%
Magic:  13/13      EV: 16    Int: 11    God:    Trog [******]
Gold:   90         SH:  0    Dex:  9    Spells: 12/12 levels left

rFire   . . .      SeeInvis .   F - +3 executioner's axe (vorpal)
rCold   . . .      Faith    .   (shield currently unavailable)
rNeg    + . .      Spirit   .   b - +3 plate armour
rPois   ∞          Reflect  .   r - +1 hat {Int+3}
rElec   +          Harm     .   (no cloak)
rCorr   .          Rampage  .   (no gloves)
Will    ++...      NoTele   +   q - +0 pair of boots
Stlth   ..........              (no amulet)
HPRegen 1.35/turn               l - +3 ring of evasion
MPRegen 0.13/turn               m - +3 ring of evasion

@: mighty, berserking (expiring), strong-willed, regenerating, hasted, very
quick
A: sickness immunity, AC +9, negative energy resistance 1, electricity
resistance, torment resistance 1, petrification resistance
a: Renounce Religion, Berserk, Trog's Hand, Brothers in Arms


You were in the Dungeon.
You worshipped Trog.
Trog was exalted by your worship.
You visited 1 branch You collected 90 gold pieces.

Inventory:

Hand Weapons
 a - a +4 vorpal battleaxe
 E - a +4 triple sword of holy wrath
 F - a +3 vorpal executioner's axe (weapon)
 G - the +7 morningstar of Forgiveness {venom, Will++ Str+4 Dex+2}
   (You took it off a nagaraja in the Dungeon)

   It poisons the flesh of those it strikes.
   Str:       It affects your strength (+4).
   Dex:       It affects your dexterity (+2).
   Will:      It greatly increases your willpower.
Missiles
 k - 6 poisoned darts (quivered)
 J - 6 silver javelins
Armour
 b - a +3 plate armour (worn)
 p - a +0 helmet
 q - a +0 pair of boots (worn)
 r - a +1 hat of intelligence (worn)
 B - a +0 plate armour
Jewellery
 l - a +3 ring of evasion (left hand)
 m - a +3 ring of evasion (right hand)
 y - a ring of ice
 A - a ring of willpower
 D - a ring of positive energy
 H - the ring of Hauzecul {+Blink rF- Dex+7 Slay+2 SInv}
   (You found it in the Dungeon)

   [ring of see invisible]

   Dex:       It affects your dexterity (+7).
   Slay:      It affects your accuracy & damage with ranged weapons and melee
   (+2).
   rF:        It makes you vulnerable to fire.
   SInv:      It lets you see invisible.
   +Blink:    It lets you blink.
 I - the ring "Elubehafo" {Fire Dex+5 Slay+2 Stlth-}
   (You took it off an orc wizard in the Dungeon)

   [ring of fire]

   It enhances your fire magic.
   Dex:       It affects your dexterity (+5).
   Slay:      It affects your accuracy & damage with ranged weapons and melee
   (+2).
   rF:        It protects you from fire.
   rC:        It makes you vulnerable to cold.
   Stlth:     It makes you less stealthy.
Wands
 s - a wand of flame (11)
 z - a wand of paralysis (7)
Scrolls
 h - 3 scrolls of blinking
 j - a scroll of summoning
 t - 2 scrolls of enchant weapon
 u - a scroll of fog
 v - 4 scrolls of enchant armour
 x - a scroll of fear
Potions
 c - 10 potions of curing
 d - 6 potions of heal wounds
 e - 3 potions of haste
 f - 4 potions of magic
 g - 4 potions of berserk rage
 i - a potion of invisibility
 n - a potion of might
 o - a potion of resistance
 w - a potion of mutation
Miscellaneous
 C - a tin of tremorstones (2/2)


   Skills:
 + Level 20.5 Fighting
 + Level 21.8 Axes
 + Level 17.5 Armour
 + Level 7.4 Dodging
 + Level 5.2 Stealth


You had 12 spell levels left.
You didn't know any spells.
Your spell library was empty.

Dungeon Overview and Level Annotations

Branches:
Dungeon (1/1)

Altars:
Cheibriados
Dithmenos
Elyvilon
Fedhas
Gozag
Hepliaklqana
Makhleb
Nemelex Xobeh
Okawaru
Qazlal
Ru
Sif Muna
Trog
Vehumet
Wu Jian
Xom
Yredelemnul
Zin
The Shining One
Beogh
Jiyva
Lugonu


Innate Abilities, Weirdness & Mutations

You are immune to sickness and miasma.
Your stone body is resilient. (AC +9)
You are immune to poison.
You resist negative energy. (rN+)
You are resistant to electric shocks. (rElec)
You are resistant to unholy torment.
You are immune to petrification.


Message History

Something barely misses your stone giant.
Something hits your stone giant!
Unknown command.
You hear a shout!
Something hits your stone giant!
Unknown command.
You barely miss the naga.
Your stone giant hits the vault guard!!
Something hits your stone giant!!!
Your stone giant dies!
Your stone giant's corpse disappears in a puff of smoke!
The naga hits you with a +0 dire flail.
* * * LOW HITPOINT WARNING * * *
The naga misses you.
The vault guard shouts!
You hear a shout!
You slash the naga!
The naga is heavily wounded.
Unknown command.
You slice the naga!!
You kill the naga!
Trog accepts your kill.
You barely miss the vault guard.
A naga comes into view. It is wielding a +0 dire flail.
Unknown command.
You barely miss the naga. You slice the vault guard!!
You kill the vault guard!
Trog accepts your kill.
The orc warlord roars a battlecry!
Your Stealth skill increases to level 5!
Unknown command.
You closely miss the naga. You slash the vault guard!
You kill the vault guard!
Trog accepts your kill. Trog grants you a weapon!
Something appears at your feet!
You see here a +4 glaive of flaming.
Unknown command.
Unknown command.
You closely miss the naga.
The orc warlord roars a battlecry!
The orc knight hits you from afar with a +0 halberd!!
You die...

..#..#*,,,,,,,**,,,,,,,,,**,,,*,,
.....++,,,,,,,,**,,,,,,,**,,,,+,,
.....++,,,,,,,,,**,,,,,**,,,,,*,,
###''#***************************
###''############################
.##..............................
.##......).......................
.##..##############o§############
,##..#,,,*,*,*,#@ooe§§..#,*,*,*,,
,*#..#,*,*,*,#.#N#§G§§#.#.#,*,*,*
,*#..#,,,*,*,#.§.o§§oo§...#,*,*,,
,*#..#*,**,*,#.#N#NooG#.#.#,*,**,
,*#..#,,,*+*+#..§§ooods...#+*+*,,
**#).#,*,*,,,#N#.#..§§#.#.#,,,*,*
###..#,,,*,,,..............G,,*,,
.....#+***,*,#.#.#....#.#.#.*,***
.....#,,,,,,,#...#....#...#,,,,,,


You could see an orc warlord (strong), a naga warrior, 3 orc knights, a great
orb of eyes, a deep elf knight and 2 nagas.

Vanquished Creatures
  Gastronok (D)
  Frances (D)
  A shadow dragon (D)
  A nagaraja (D)
  A minotaur (D)
  2 dire elephants (D)
  A lorocyproca (D)
  2 vault guards (D)
  A hydra (D)
  A boulder beetle (D)
  An anaconda (D)
  A death knight (D)
  A spriggan (D)
  A deep elf knight (D)
  A sixfirhy (D)
  A fire crab (D)
  A sea snake (D)
  Pikel (D)
  2 deep elf pyromancers (D)
  A large abomination (D)
  A phantasmal warrior (D)
  A deep elf zephyrmancer (D)
  A bog body (D)
  4 orc knights (D)
  An ugly thing (D)
  A wolf spider (D)
  2 salamanders (D)
  A merfolk siren (D)
  A guardian serpent (shapeshifter) (D)
  A black mamba (D)
  A gargoyle (D)
  An orange demon (D)
  A cane toad (D)
  An unseen horror (D)
  A demonic crawler (D)
  A freezing wraith (D)
  A troll (D)
  A wandering mushroom (D)
  A polar bear (D)
  2 tarantellas (D)
  A hornet (D)
  A snapping turtle (D)
  A blink frog (D)
  A flying skull (D)
  A shadow (D)
  A wyvern (D)
  An air elemental (D)
  2 ynoxinuls (D)
  A wraith (D)
  A chaos spawn (D)
  2 redbacks (D)
  A vampire mosquito (D)
  2 steam dragons (D)
  An acid dragon (D)
  A naga (D)
  3 hell hounds (D)
  A water moccasin (D)
  2 floating eyes (D)
  A black bear (D)
  4 wolves (D)
  A centaur (D)
  A kobold brigand (D)
  A necrophage (D)
  A scorpion (D)
  5 wights (D)
  3 killer bees (D)
  A hound (D)
  A quasit (D)
  A jelly (D)
  2 orc priests (D)
  3 hell rats (D)
  2 orc wizards (D)
  2 gnolls (D)
  2 river rats (D)
  An ufetubus (D)
  An adder zombie (D)
  4 orcs (D)
  A bat skeleton (D)
  2 endoplasms (D)
  A quokka (D)
  2 ball pythons (D)
  3 bats (D)
  A kobold (D)
  A quokka zombie (D)
  3 rats (D)
123 creatures vanquished.

Vanquished Creatures (collateral kills)
  A naga warrior (D)
  An orc knight (D)
  A naga mage (D)
  A gargoyle (D)
  A cane toad (D)
  An orange demon (D)
  A polar bear (D)
  2 blink frogs (D)
  2 vampire mosquitoes (D)
  A naga (D)
  3 killer bees (D)
  Ijyb (D)
16 creatures vanquished.

Grand Total: 139 creatures vanquished

Notes
Turn   | Place    | Note
-------+----------+-------------------------------------------
     0 | D        | mhtbhm the Gargoyle Berserker began the quest for the Orb.
     0 | D        | Reached XP level 1. HP: 14/14 MP: 1/1
    11 | D        | Noticed a floating eye
    15 | D        | Killed a floating eye
    16 | D        | Reached skill level 6 in Axes
    16 | D        | Reached XP level 2. HP: 23/23 MP: 2/2
    16 | D        | Reached XP level 3. HP: 28/28 MP: 3/3
    16 | D        | Reached XP level 4. HP: 32/32 MP: 4/4
    47 | D        | Found a bloodstained altar of Trog.
    47 | D        | Found a shimmering blue altar of Sif Muna.
    47 | D        | Found a viscous altar of Jiyva.
    47 | D        | Found a hazy altar of Hepliaklqana.
    47 | D        | Found an opulent altar of Gozag.
    59 | D        | Reached ** piety under Trog
    68 | D        | Noticed a floating eye
    72 | D        | Paralysed by a floating eye for 3 turns
    75 | D        | Killed a floating eye
    76 | D        | Reached skill level 7 in Axes
    76 | D        | Reached XP level 5. HP: 39/39 MP: 5/5
    91 | D        | Reached *** piety under Trog
    93 | D        | Reached XP level 6. HP: 40/45 MP: 6/6
   142 | D        | Found a glowing golden altar of the Shining One.
   142 | D        | Found a glowing silver altar of Zin.
   142 | D        | Found a basalt altar of Yredelemnul.
   142 | D        | Found a shimmering altar of Xom.
   142 | D        | Found an ornate altar of the Wu Jian Council.
   142 | D        | Found a sacrificial altar of Ru.
   142 | D        | Found a stormy altar of Qazlal.
   142 | D        | Found an iron altar of Okawaru.
   142 | D        | Found a sparkling altar of Nemelex Xobeh.
   142 | D        | Found a burning altar of Makhleb.
   142 | D        | Found a blossoming altar of Fedhas.
   142 | D        | Found a white marble altar of Elyvilon.
   142 | D        | Found a shadowy altar of Dithmenos.
   142 | D        | Found a snail-covered altar of Cheibriados.
   186 | D        | Reached **** piety under Trog
   187 | D        | Reached skill level 8 in Axes
   248 | D        | Reached ***** piety under Trog
   255 | D        | Noticed a water moccasin
   265 | D        | Killed a water moccasin
   266 | D        | Reached skill level 9 in Axes
   266 | D        | Reached skill level 5 in Armour
   266 | D        | Reached skill level 1 in Stealth
   399 | D        | Killed an unseen horror
   400 | D        | Reached skill level 10 in Fighting
   400 | D        | Reached skill level 10 in Axes
   400 | D        | Reached XP level 7. HP: 44/53 MP: 7/7
   648 | D        | Reached skill level 5 in Dodging
   892 | D        | Noticed Pikel
   892 | D        | Noticed a merfolk siren
   892 | D        | Noticed a troll
   900 | D        | Killed Pikel
   900 | D        | Received a gift from Trog
   901 | D        | Reached skill level 11 in Axes
   901 | D        | Reached XP level 8. HP: 60/60 MP: 8/8
   905 | D        | Killed a troll
   906 | D        | Reached skill level 12 in Axes
   909 | D        | Killed a merfolk siren
   910 | D        | Reached XP level 9. HP: 50/65 MP: 9/9
  1029 | D        | Found a radiant altar of Vehumet.
  1029 | D        | Found a corrupted altar of Lugonu.
  1052 | D        | Noticed a cane toad
  1061 | D        | Killed a cane toad
  1108 | D        | Noticed a gargoyle
  1109 | D        | Noticed a deep elf pyromancer
  1117 | D        | Killed a deep elf pyromancer
  1117 | D        | Received a gift from Trog
  1118 | D        | Reached skill level 13 in Axes
  1120 | D        | Killed a gargoyle
  1121 | D        | Reached skill level 10 in Armour
  1207 | D        | Noticed a sea snake
  1221 | D        | Killed a sea snake
  1222 | D        | Reached skill level 14 in Axes
  1222 | D        | Reached XP level 10. HP: 73/73 MP: 10/10
  1366 | D        | Noticed a black mamba
  1373 | D        | Identified the +10 great sword of Killer Bee's Death
                  | {vorpal, Fly} (Trog gifted it to you in the Dungeon)
  1373 | D        | Received a gift from Trog
  1376 | D        | Noticed a deep elf zephyrmancer
  1377 | D        | Killed a black mamba
  1394 | D        | Reached ****** piety under Trog
  1400 | D        | Killed a deep elf zephyrmancer
  1465 | D        | Noticed Gastronok
  1478 | D        | Killed Gastronok
  1478 | D        | Received a gift from Trog
  1479 | D        | Reached skill level 15 in Axes
  1683 | D        | Noticed a six-headed hydra
  1683 | D        | Noticed a gargoyle
  1697 | D        | Killed a gargoyle
  1937 | D        | Noticed a demonic crawler
  1939 | D        | Reached skill level 15 in Fighting
  1939 | D        | Reached XP level 11. HP: 72/81 MP: 11/11
  1984 | D        | Killed a 12-headed hydra
  1989 | D        | Reached skill level 16 in Axes
  1989 | D        | Noticed Ijyb
  1998 | D        | Received a gift from Trog
  2012 | D        | Killed Ijyb
  2012 | D        | Received a gift from Trog
  2040 | D        | Received a gift from Trog
  2283 | D        | Noticed a death knight
  2296 | D        | Killed a death knight
  2296 | D        | Received a gift from Trog
  2431 | D        | Noticed a bog body
  2436 | D        | Killed a bog body
  2437 | D        | Reached skill level 17 in Axes
  2506 | D        | Received a gift from Trog
  2507 | D        | Reached skill level 15 in Armour
  2612 | D        | Noticed Frances
  2622 | D        | Noticed a sixfirhy
  2626 | D        | Killed Frances
  2884 | D        | Noticed a minotaur
  2903 | D        | Killed a minotaur
  2904 | D        | Reached XP level 12. HP: 37/91 MP: 12/12
  3130 | D        | Noticed a naga warrior
  3130 | D        | Noticed a boulder beetle
  3139 | D        | Received a gift from Trog
  3140 | D        | Reached skill level 18 in Axes
  3148 | D        | Killed a naga warrior
  3150 | D        | Killed a boulder beetle
  3150 | D        | Received a gift from Trog
  3289 | D        | Noticed an anaconda
  3289 | D        | Noticed a dire elephant
  3289 | D        | Noticed a shadow dragon
  3296 | D        | Killed an anaconda
  3300 | D        | Killed a dire elephant
  3301 | D        | Reached skill level 19 in Axes
  3310 | D        | Killed a lorocyproca
  3323 | D        | Killed a shadow dragon
  3337 | D        | Received a gift from Trog
  3565 | D        | Identified the ring "Elubehafo" {Fire Dex+5 Slay+2 Stlth-}
  3570 | D        | Reached skill level 20 in Axes
  3575 | D        | Received a gift from Trog
  3584 | D        | Received a gift from Trog
  3589 | D        | Reached XP level 13. HP: 100/100 MP: 13/13
  3590 | D        | Identified the +7 morningstar of Forgiveness {venom, Will++
                  | Str+4 Dex+2}
  3590 | D        | Noticed a nagaraja
  3600 | D        | Killed a nagaraja
  3602 | D        | Received a gift from Trog
  3609 | D        | Paralysed by an air elemental for 1 turns
  3744 | D        | Got the ring of Hauzecul {+Blink rF- Dex+7 Slay+2 SInv}
  3749 | D        | Received a gift from Trog
  3749 | D        | Noticed a dire elephant
  3750 | D        | Reached skill level 21 in Axes
  3758 | D        | Killed a dire elephant
  4195 | D        | Noticed an orc warlord
  4196 | D        | Noticed an orc warlord
  4196 | D        | Noticed a vault guard
  4196 | D        | Noticed a vault guard
  4197 | D        | Noticed a great orb of eyes
  4198 | D        | Noticed a yellow draconian
  4213 | D        | HP: 1/151 [vault guard/+0 war axe (9)]
  4220 | D        | Killed a vault guard
  4221 | D        | Reached skill level 5 in Stealth
  4221 | D        | Killed a vault guard
  4221 | D        | Received a gift from Trog
  4222 | D        | Annihilated by an orc knight

Illustrated notes

Levels and vault maps discovered:
D:        pitsprint [storerooms_1, entrance_room_1, metal_vault_6, armoury_3,
          mini_pit_1, grid_room_1, main_hall_1, silver_pit, the_coven_1,
          the_vestibule_1, steel_vault_1, golden_pit, hallway_of_sentries,
          crystal_vault_3, iron_vault_2, final_vault]

Skill      XL: |  1  2  3  4  5  6  7  8  9 10 11 12 13 |
---------------+----------------------------------------+-----
Fighting       | 6 8 10 11 12 13 15 17 19 20 | 20.5
Axes           | 6 7 10 11 12 14 15 17 20 21 | 21.8
Armour         | 3 4 6 7 8 10 13 15 16 17 | 17.5
Dodging        | 2 3 4 5 6 7 |  7.4
Stealth        | 1 2 3 4 5 |  5.2

Action                   |  1- 3 |  4- 6 |  7- 9 | 10-12 | 13-15 || total
-------------------------+-------+-------+-------+-------+-------++-------
Melee: Hand axe          |     3 |    62 |    77 |    59 |       ||   201
       Punch             |       |     1 |       |     3 |       ||     4
       War axe           |       |       |       |    63 |       ||    63
       Battleaxe         |       |       |       |   141 |    40 ||   181
       Executioner's axe |       |       |       |       |    13 ||    13
Invok: Berserk           |       |     1 |     2 |     6 |     1 ||    10
       Brothers in Arms  |       |       |       |     3 |     3 ||     6
       Trog's Hand       |       |       |       |       |     1 ||     1
  Use: Potion            |       |       |       |     2 |     6 ||     8
       Scroll            |       |       |       |       |     2 ||     2
 Stab: Sleeping          |       |     1 |       |       |       ||     1
       Invisible         |       |       |       |       |     4 ||     4
Armor: Animal skin       |       |     7 |       |       |       ||     7
       Scale mail        |       |    31 |     5 |       |       ||    36
       Plate armour      |       |       |    15 |   178 |    26 ||   219
Dodge: Dodged            |       |    27 |    39 |   176 |    53 ||   295

Table legend: (Time is in decaauts)
 A = Elapsed time spent in this place.
 B = Non-inter-level travel time spent in this place.
 C = Inter-level travel time spent in this place.
 D = Time resting spent in this place.
 E = Time spent auto-exploring this place.
 F = Levels seen in this place.
 G = Mean time per level.
                   A        B        C        D        E       F      G
               +--------+--------+--------+--------+--------+-----+--------+
         Total |   4143 |   4143 |      0 |   2545 |    212 |   1 | 4143.0 |
       Dungeon |   4143 |   4143 |      0 |   2545 |    212 |   1 | 4143.0 |
               +--------+--------+--------+--------+--------+-----+--------+

Top non-repeatable levels by time:
       D: 4143 daAuts
